 Dungeon Crawl Stone Soup version 0.23.2 (webtiles) character file.

Game seed: 12488981575180775310

320 Kairos the Chopper (level 6, -3/48 HPs)
             Began as a Formicid Abyssal Knight on Apr 9, 2019.
             Was a Believer of Lugonu.
             Slain by shugdite's ghost (7 damage)
             ... on level 4 of the Dungeon.
             The game lasted 00:04:05 (3305 turns).

Kairos the Chopper (Formicid Abyssal Knight)        Turns: 3305, Time: 00:04:07

Health: -3/48      AC: 17    Str: 17    XL:     6   Next: 75%
Magic:  16/16      EV:  5    Int: 11    God:    Lugonu [**....]
Gold:   259        SH:  5    Dex: 10    Spells: 5/5 levels left

rFire    x . .     SeeInvis +   a - +1 hand axe
rCold    + . .     Gourm    .   e - +1 buckler {AC+3}
rNeg     . . .     Faith    .   i - +0 plate armour
rPois    .         Spirit   .   (helmet unavailable)
rElec    .         Reflect  .   (no cloak)
rCorr    .         Harm     .   (no gloves)
MR       .....                  h - +0 pair of boots
Stlth    ..........             (no amulet)
HPRegen  0.16/turn              j - ring of magical power
MPRegen  0.15/turn              x - ring of ice

@: no status effects
A: permanent stasis, dig shafts and tunnels, four strong arms, antennae 3, icy
blue scales 1, mutation resistance 1, weak 1
a: Dig, Shaft Self, Depart the Abyss, Bend Space, Renounce Religion


You were on level 4 of the Dungeon.
You worshipped Lugonu.
Lugonu was pleased with you.
You were hungry.

You visited 1 branch of the dungeon, and saw 4 of its levels.
You visited the Abyss 1 time.

You collected 259 gold pieces.

Inventory:

Hand Weapons
 a - a +1 hand axe (weapon)
Armour
 b - a +0 leather armour
 e - a +1 buckler of protection (worn)
 h - a +0 pair of boots (worn)
 i - a +0 plate armour (worn)
Jewellery
 j - a ring of magical power (left hand)
 x - a ring of ice (right hand)
Wands
 t - a wand of flame (29)
Scrolls
 f - 3 scrolls of fear
 g - 3 scrolls of identify
 m - 2 scrolls of immolation {unknown}
 n - 6 scrolls of remove curse {unknown}
 o - 2 scrolls of amnesia {unknown}
 q - 3 scrolls of teleportation {unknown}
 r - a scroll of enchant weapon {unknown}
 s - a scroll of fog {unknown}
 u - a scroll of blinking {unknown}
Potions
 d - 2 potions of might
 k - 2 potions of curing {unknown}
 l - a potion of flight
 p - a potion of lignification {unknown}
 w - 2 potions of heal wounds
Comestibles
 c - 10 rations


   Skills:
 + Level 4.3 Fighting
 + Level 4.6 Axes
 + Level 3.7 Armour
 + Level 1.0 Dodging
 + Level 0.4 Stealth
 + Level 2.8 Shields
 + Level 2.2 Invocations


You had 5 spell levels left.
You didn't know any spells.
Your spell library was empty.

Dungeon Overview and Level Annotations

Branches:
Dungeon (4/15)
 Temple: D:4-7

Altars:

Annotations:
D:4 shugdite's ghost, amateur MiFi


Innate Abilities, Weirdness & Mutations

You cannot be hasted, slowed, berserked, paralysed or teleported.
You can dig through walls and to a lower floor.
Your four strong arms can wield two-handed weapons with a shield.
You have a pair of large antennae on your head. (SInv)
You are partially covered in icy blue scales. (AC +2)
You are somewhat resistant to further mutation.
You are weak. (Str -2)


Message History

You hit shugdite's ghost but do no damage.
Shugdite's ghost is moderately damaged.
Shugdite's ghost hits you but does no damage.
You hit shugdite's ghost but do no damage.
Shugdite's ghost is moderately damaged.
Shugdite's ghost barely misses you.
You hit shugdite's ghost but do no damage.
Shugdite's ghost is moderately damaged.
You block shugdite's ghost's attack.
You hit shugdite's ghost.
Shugdite's ghost is heavily damaged.
Shugdite's ghost hits you but does no damage.
You hit shugdite's ghost but do no damage.
Shugdite's ghost is heavily damaged.
Shugdite's ghost hits you!
* * * LOW HITPOINT WARNING * * *
You hit shugdite's ghost but do no damage.
Shugdite's ghost is heavily damaged.
Shugdite's ghost hits you!
You die...

........#......#..'.....#
........'......#..#.....#
######'##......####.....###
######..#....#######+####.##
........#....#.........#...#
.......<#....#.........#...#
........#....#.........#...#
#######+#....##..##...###.######
..........###...@.....###......#
..........# ###'W####......#...#
..........# #.≈..≈..#......#...#
..........##..⌠≈#..##......#...#
..........+#.#.≈.≈≈##......#...#
..........###..!.≈#.#..##..#####
.###+##########.#≈###..##..##..#
.#.......#.##########..........#
.'.......#.....................#


You could see shugdite's ghost.

Vanquished Creatures
  A hound (D:4)
  2 orc wizards
  An orc priest (D:3)
  Terence (D:2)
  A worker ant (D:4)
  3 gnolls (D:4)
  5 adders
  An ooze (D:2)
  An adder skeleton (D:4)
  A worm (D:2)
  A dart slug (D:3)
  4 orcs
  2 giant cockroaches
  11 goblins
  5 hobgoblins
  7 jackals
  2 ball pythons
  6 bats
  6 frilled lizards
  6 kobolds
  7 rats
74 creatures vanquished.

Notes
Turn   | Place    | Note
-------+----------+-------------------------------------------
     0 | Abyss:1  | Kairos the Formicid Abyssal Knight began the quest for the
                  | Orb.
     0 | Abyss:1  | Reached XP level 1. HP: 18/18 MP: 2/2
    46 | Abyss:2  | Noticed an ancient zyme
    75 | Abyss:2  | Noticed a hungry ghost
    82 | D:1      | Escaped the Abyss
   414 | D:1      | Reached XP level 2. HP: 19/24 MP: 3/3
   495 | D:1      | Reached * piety under Lugonu
   803 | D:1      | Reached XP level 3. HP: 30/30 MP: 4/4
  1399 | D:2      | Reached XP level 4. HP: 30/37 MP: 5/5
  1472 | D:2      | Noticed Terence
  1490 | D:2      | Killed Terence
  1603 | D:2      | Reached XP level 5. HP: 31/42 MP: 6/6
  1749 | D:2      | Reached ** piety under Lugonu
  1829 | D:2      | Gained mutation: You have sharp toenails. [potion of
                  | mutation]
  1829 | D:2      | Gained mutation: You are partially covered in icy blue
                  | scales. (AC +2) [potion of mutation]
  1829 | D:2      | Gained mutation: You are agile. (Dex +2) [potion of
                  | mutation]
  2157 | D:3      | Reached skill level 1 in Shields
  2164 | D:3      | Reached XP level 6. HP: 30/48 MP: 7/7
  2531 | D:4      | Reached skill level 1 in Dodging
  2892 | D:4      | Lost mutation: You have sharp toenails. [potion of
                  | mutation]
  2892 | D:4      | Lost mutation: You are agile. (Dex +2) [potion of mutation]
  2892 | D:4      | Gained mutation: You are weak. (Str -2) [potion of
                  | mutation]
  2892 | D:4      | Gained mutation: You are somewhat resistant to further
                  | mutation. [potion of mutation]
  2985 | D:4      | Found a large runed translucent door.
  2985 | D:4      | Found a large runed translucent door.
  2986 | D:4      | Noticed shugdite's ghost (amateur MiFi)
  3305 | D:4      | Slain by shugdite's ghost

Skill      XL: |  1  2  3  4  5  6 |
---------------+-------------------+-----
Axes           | 3 4 |  4.6
Armour         | 3 |  3.7
Shields        | 1 2 |  2.8
Fighting       | 4 |  4.3
Dodging        | 1 |  1.0
Stealth        | |  0.4
Invocations    | |  2.2

Action                   |  1- 3 |  4- 6 || total
-------------------------+-------+-------++-------
Melee: Hand axe          |   140 |   231 ||   371
Invok: Depart the Abyss  |     1 |       ||     1
  Use: Potion            |       |     7 ||     7
       Scroll            |       |     2 ||     2
  Eat: Chunk             |     2 |     7 ||     9
Armor: Leather armour    |     5 |       ||     5
       Plate armour      |    93 |   152 ||   245
Dodge: Dodged            |    38 |    49 ||    87
Block: Buckler           |    29 |    42 ||    71
